TOP OF THE 1ST |
San Jose Missions batting - Pitching for Texarkana Bears : RHP Joe Utter
|
Pitching: RHP Joe Utter
|
|
Batting: RHB Culley Douglas
|
0-0: Ground out 5-3 (Groundball, 56)
|
Batting: RHB Jorge Díaz
|
0-0: Foul Ball, location: 2F 0-1: Swinging Strike 0-2: Ball 1-2: Strikes out looking
|
Batting: RHB Dale Taylor
|
0-0: Ball 1-0: Called Strike 1-1: Ball 2-1: Foul Ball, location: 2F 2-2: Strikes out swinging
|
Top of the 1st over - 0 run(s), 0 hit(s), 0 error(s), 0 left on base; San Jose 0 - Texarkana 0 |
BOTTOM OF THE 1ST |
Texarkana Bears batting - Pitching for San Jose Missions : RHP Mike Clay
|
Pitching: RHP Mike Clay
|
|
Batting: LHB Guy Moss
|
0-0: Fly out, F7 (Flyball, 78M)
|
Batting: RHB Tony Reyes
|
0-0: Ball 1-0: Foul Ball, location: 2F 1-1: Swinging Strike 1-2: Ball 2-2: Fly out, F6 (Line Drive, 6)
|
Batting: RHB Lu-fang Huie
|
0-0: Foul Ball, location: 2F 0-1: Ball 1-1: Ball 2-1: Foul Ball, location: 2F 2-2: Strikes out swinging
|
Bottom of the 1st over - 0 run(s), 0 hit(s), 0 error(s), 0 left on base; San Jose 0 - Texarkana 0 |
TOP OF THE 2ND |
San Jose Missions batting - Pitching for Texarkana Bears : RHP Joe Utter
|
Batting: RHB Naomichi Aoki
|
0-0: Called Strike 0-1: Ball 1-1: Ball 2-1: Called Strike 2-2: Ball 3-2: Strikes out swinging
|
Batting: LHB Miguel Montés
|
0-0: Ball 1-0: Foul Ball, location: 2F 1-1: Foul Ball, location: 2F 1-2: Strikes out looking
|
Batting: RHB Ed Starr
|
0-0: Called Strike 0-1: Ball 1-1: Fly out, F9 (Line Drive, 89M)
|
Top of the 2nd over - 0 run(s), 0 hit(s), 0 error(s), 0 left on base; San Jose 0 - Texarkana 0 |
BOTTOM OF THE 2ND |
Texarkana Bears batting - Pitching for San Jose Missions : RHP Mike Clay
|
Batting: RHB Michael Barraclough
|
0-0: Foul Ball, location: 2F 0-1: Foul Ball, location: 2F 0-2: Ball 1-2: Ball 2-2: Foul Ball, location: 2F 2-2: Ball 3-2: SINGLE (Groundball, 56D)
|
Batting: RHB Billy Campbell
|
0-0: Called Strike 0-1: Swinging Strike 0-2: Ball 1-2: Foul Ball, location: 2F 1-2: Strikes out swinging
|
Batting: LHB Sam Barnes
|
0-0: Swinging Strike 0-1: Swinging Strike 0-2: Ball 1-2: Ball 2-2: Foul Ball, location: 2F 2-2: Fielders Choice at 2nd, 4-6 (Groundball, 4)
|
Batting: RHB Juan Rico
|
0-0: Ball Sam Barnes steals 2nd base 1-0: Foul Ball, location: 2F 1-1: Called Strike 1-2: Strikes out swinging
|
Bottom of the 2nd over - 0 run(s), 1 hit(s), 0 error(s), 1 left on base; San Jose 0 - Texarkana 0 |
TOP OF THE 3RD |
San Jose Missions batting - Pitching for Texarkana Bears : RHP Joe Utter
|
Batting: RHB José Martínez
|
0-0: Ball 1-0: Called Strike 1-1: Foul Ball, location: 2F 1-2: Strikes out swinging
|
Batting: RHB José Sánchez
|
0-0: Called Strike 0-1: Ball 1-1: Foul Ball, location: 2F 1-2: Fly out, F6 (Popup, 5D)
|
Batting: RHB Miguel Mendoza
|
0-0: Ball 1-0: Ball 2-0: Ball 3-0: Called Strike 3-1: Base on Balls
|
Batting: RHB Culley Douglas
|
0-0: Ball 1-0: Called Strike 1-1: Ball 2-1: Swinging Strike 2-2: Foul Ball, location: 2F 2-2: Strikes out swinging
|
Top of the 3rd over - 0 run(s), 0 hit(s), 0 error(s), 1 left on base; San Jose 0 - Texarkana 0 |
BOTTOM OF THE 3RD |
Texarkana Bears batting - Pitching for San Jose Missions : RHP Mike Clay
|
Batting: LHB Tom Mullins
|
0-0: Ball 1-0: Ball 2-0: Foul Ball, location: 2F 2-1: Foul Ball, location: 2F 2-2: Ball 3-2: Foul Ball, location: 2F 3-2: SINGLE (Flyball, 8RS)
|
Batting: RHB Arturo Rodríguez
|
0-0: Foul Ball, location: 2F 0-1: Swinging Strike 0-2: Ball 1-2: Ball 2-2: Strikes out swinging
|
Batting: LHB Guy Moss
|
0-0: Called Strike 0-1: Ball 1-1: Foul Ball, location: 2F 1-2: Strikes out looking
|
Batting: RHB Tony Reyes
|
0-0: Ball 1-0: Ball 2-0: Foul Ball, location: 2F 2-1: Ball 3-1: Foul Ball, location: 2F 3-2: Foul Ball, location: 2F 3-2: Ground out 4-3 (Groundball, 4)
|
Bottom of the 3rd over - 0 run(s), 1 hit(s), 0 error(s), 1 left on base; San Jose 0 - Texarkana 0 |
TOP OF THE 4TH |
San Jose Missions batting - Pitching for Texarkana Bears : RHP Joe Utter
|
Batting: RHB Jorge Díaz
|
0-0: Fly out, F9 (Flyball, 9S)
|
Batting: RHB Dale Taylor
|
0-0: Ground out 5-3 (Groundball, 56)
|
Batting: RHB Naomichi Aoki
|
0-0: Ball 1-0: Ball 2-0: Foul Ball, location: 2F 2-1: SOLO HOME RUN (Flyball, 8LXD) (Inside the Park)
|
Batting: LHB Miguel Montés
|
0-0: Foul Ball, location: 2F 0-1: SINGLE (Flyball, 7S)
|
Batting: RHB Ed Starr
|
0-0: Ball 1-0: Fly out, F7 (Line Drive, 78D)
|
Top of the 4th over - 1 run(s), 2 hit(s), 0 error(s), 1 left on base; San Jose 1 - Texarkana 0 |
BOTTOM OF THE 4TH |
Texarkana Bears batting - Pitching for San Jose Missions : RHP Mike Clay
|
Batting: RHB Lu-fang Huie
|
0-0: Foul Ball, location: 2F 0-1: Ball 1-1: Called Strike 1-2: Ball 2-2: Foul Ball, location: 2F 2-2: Ball 3-2: Foul Ball, location: 2F 3-2: SINGLE (Line Drive, 78S)
|
Batting: RHB Michael Barraclough
|
0-0: Ball 1-0: Called Strike 1-1: Ball 2-1: Foul Ball, location: 2F 2-2: Strikes out looking
|
Batting: RHB Billy Campbell
|
0-0: Ball 1-0: Called Strike 1-1: Grounds into double play, 6-4-3 (Groundball, 56)
|
Bottom of the 4th over - 0 run(s), 1 hit(s), 0 error(s), 0 left on base; San Jose 1 - Texarkana 0 |
TOP OF THE 5TH |
San Jose Missions batting - Pitching for Texarkana Bears : RHP Joe Utter
|
Batting: RHB José Martínez
|
0-0: Ball 1-0: Foul Ball, location: 2F 1-1: Swinging Strike 1-2: Ball 2-2: Foul Ball, location: 2F 2-2: Foul Ball, location: 2F 2-2: Strikes out looking
|
Batting: RHB José Sánchez
|
0-0: Swinging Strike 0-1: Ball 1-1: Foul Ball, location: 2F 1-2: Strikes out swinging
|
Batting: RHB Miguel Mendoza
|
0-0: Ball 1-0: Ball 2-0: Ball 3-0: Called Strike 3-1: Called Strike 3-2: Foul Ball, location: 2F 3-2: Base on Balls
|
Batting: RHB Culley Douglas
|
0-0: Fly out, F5 (Line Drive, 56S)
|
Top of the 5th over - 0 run(s), 0 hit(s), 0 error(s), 1 left on base; San Jose 1 - Texarkana 0 |
BOTTOM OF THE 5TH |
Texarkana Bears batting - Pitching for San Jose Missions : RHP Mike Clay
|
Batting: LHB Sam Barnes
|
0-0: Called Strike 0-1: Ball 1-1: Fly out, F4 (Popup, 4S)
|
Batting: RHB Juan Rico
|
0-0: Ball 1-0: Foul Ball, location: 2F 1-1: SINGLE (Line Drive, 89S)
|
Batting: LHB Tom Mullins
|
0-0: Ball 1-0: Called Strike 1-1: Ball 2-1: Swinging Strike 2-2: Ball 3-2: Strikes out swinging Juan Rico steals 2nd base Batter strikes out.
|
Batting: RHB Arturo Rodríguez
|
0-0: Called Strike 0-1: Foul Ball, location: 2F 0-2: Ball 1-2: Ball 2-2: Ball 3-2: Foul Ball, location: 2F 3-2: Foul Ball, location: 2F 3-2: SINGLE (Flyball, 8RS) Juan Rico to third Juan Rico scores
|
Batting: LHB Guy Moss
|
0-0: SINGLE (Groundball, 5L) (infield hit) Arturo Rodríguez to second
|
Batting: RHB Tony Reyes
|
0-0: SINGLE (Groundball, 6D) Arturo Rodríguez to third Guy Moss to second Runner from 3rd tries for Home, SAFE, no throw
|
Batting: RHB Lu-fang Huie
|
0-0: Ball 1-0: Ball 2-0: Foul Ball, location: 2F 2-1: Ground out 5-3 (Groundball, 56S)
|
Bottom of the 5th over - 2 run(s), 4 hit(s), 0 error(s), 2 left on base; San Jose 1 - Texarkana 2 |
TOP OF THE 6TH |
San Jose Missions batting - Pitching for Texarkana Bears : RHP Joe Utter
|
Batting: RHB Jorge Díaz
|
0-0: Called Strike 0-1: Called Strike 0-2: Ball 1-2: Foul Ball, location: 2F 1-2: Strikes out looking
|
Batting: RHB Dale Taylor
|
0-0: Ball 1-0: Ball 2-0: Ball 3-0: Called Strike 3-1: Swinging Strike 3-2: Base on Balls
|
Batting: RHB Naomichi Aoki
|
0-0: Called Strike 0-1: Foul Ball, location: 2F 0-2: Ball 1-2: Ball 2-2: Ball 3-2: Fielders Choice at 2nd, 6-4 (Groundball, 6)
|
Batting: LHB Miguel Montés
|
0-0: Foul Ball, location: 2F 0-1: Called Strike 0-2: Foul Ball, location: 2F 0-2: Strikes out swinging
|
Top of the 6th over - 0 run(s), 0 hit(s), 0 error(s), 1 left on base; San Jose 1 - Texarkana 2 |
BOTTOM OF THE 6TH |
Texarkana Bears batting - Pitching for San Jose Missions : RHP Mike Clay
|
Pitching: RHP José Reyes
|
|
Batting: RHB Michael Barraclough
|
0-0: Called Strike 0-1: Ball 1-1: Foul Ball, location: 2F 1-2: Ball 2-2: Ball 3-2: Foul Ball, location: 2F 3-2: Base on Balls
|
Batting: RHB Billy Campbell
|
0-0: Grounds into double play, 5-4-3 (Groundball, 56)
|
Batting: LHB Sam Barnes
|
0-0: Ground out 4-3 (Groundball, 4M)
|
Bottom of the 6th over - 0 run(s), 0 hit(s), 0 error(s), 0 left on base; San Jose 1 - Texarkana 2 |
TOP OF THE 7TH |
San Jose Missions batting - Pitching for Texarkana Bears : RHP Joe Utter
|
Pitching: RHP Ralph Willaims
|
|
Batting: RHB Ed Starr
|
0-0: Called Strike 0-1: Called Strike 0-2: Ball 1-2: Foul Ball, location: 2F 1-2: Foul Ball, location: 2F 1-2: Ground out 5-3 (Groundball, 56)
|
Batting: RHB José Martínez
|
0-0: Called Strike 0-1: Ball 1-1: Called Strike 1-2: Fly out, F7 (Flyball, 7S)
|
Batting: RHB José Sánchez
|
0-0: Ball 1-0: Ball 2-0: Called Strike 2-1: Called Strike 2-2: Ball 3-2: Foul Ball, location: 2F 3-2: Strikes out swinging
|
Top of the 7th over - 0 run(s), 0 hit(s), 0 error(s), 0 left on base; San Jose 1 - Texarkana 2 |
BOTTOM OF THE 7TH |
Texarkana Bears batting - Pitching for San Jose Missions : RHP José Reyes
|
Batting: RHB Juan Rico
|
0-0: Ball 1-0: Ball 2-0: Ball 3-0: Called Strike 3-1: Base on Balls
|
Batting: LHB Tom Mullins
|
0-0: Foul Ball, location: 2F 0-1: Ball 1-1: Foul Ball, location: 2F 1-2: Ball 2-2: Ball 3-2: Strikes out swinging Juan Rico is caught stealing 2nd base Batter strikes out.
|
Batting: RHB Arturo Rodríguez
|
0-0: Ground out 6-3 (Groundball, 56D)
|
Bottom of the 7th over - 0 run(s), 0 hit(s), 0 error(s), 0 left on base; San Jose 1 - Texarkana 2 |
TOP OF THE 8TH |
San Jose Missions batting - Pitching for Texarkana Bears : RHP Ralph Willaims
|
Pitching: LHP Braydon Schute
|
|
Now at 3B: Kun Liu
|
|
Batting: RHB Miguel Mendoza
|
0-0: Ball 1-0: Fly out, F8 (Flyball, 8LD)
|
Batting: RHB Culley Douglas
|
0-0: Ball 1-0: Swinging Strike 1-1: Called Strike 1-2: Foul Ball, location: 2F 1-2: Foul Ball, location: 2F 1-2: Ball 2-2: Strikes out looking
|
Batting: RHB Jorge Díaz
|
0-0: Called Strike 0-1: Swinging Strike 0-2: Strikes out swinging
|
Top of the 8th over - 0 run(s), 0 hit(s), 0 error(s), 0 left on base; San Jose 1 - Texarkana 2 |
BOTTOM OF THE 8TH |
Texarkana Bears batting - Pitching for San Jose Missions : RHP José Reyes
|
Batting: LHB Guy Moss
|
0-0: Ball 1-0: Ground out 2-3 (Groundball, 15S)
|
Batting: RHB Tony Reyes
|
0-0: Ball 1-0: Foul Ball, location: 2F 1-1: Ball 2-1: Foul Ball, location: 2F 2-2: Fly out, F8 (Line Drive, 8LM)
|
Batting: RHB Lu-fang Huie
|
0-0: Called Strike 0-1: Ball 1-1: DOUBLE (Flyball, 8LD)
|
Batting: RHB Michael Barraclough
|
0-0: Ball 1-0: Ground out 5-3 (Groundball, 5L)
|
Bottom of the 8th over - 0 run(s), 1 hit(s), 0 error(s), 1 left on base; San Jose 1 - Texarkana 2 |
TOP OF THE 9TH |
San Jose Missions batting - Pitching for Texarkana Bears : LHP Braydon Schute
|
Pitching: RHP Asher Zasko
|
|
Now at C: Alberto Medine
|
|
Batting: RHB Dale Taylor
|
0-0: Swinging Strike 0-1: Foul Ball, location: 2F 0-2: Foul Ball, location: 2F 0-2: Ball 1-2: SINGLE (Line Drive, 78S)
|
Pinch Runner at 1st Peyton Pennington:
|
|
Batting: RHB Naomichi Aoki
|
0-0: Ball 1-0: Called Strike 1-1: Ball 2-1: Foul Ball, location: 2F 2-2: Ball Balk! Peyton Pennington to second 3-2: Foul Ball, location: 2F 3-2: Strikes out swinging
|
Batting: LHB Miguel Montés
|
0-0: Ground out 3-1 (Groundball, 34) Peyton Pennington to third
|
Batting: RHB Ed Starr
|
0-0: Ball 1-0: Ball 2-0: Ball 3-0: Base on Balls
|
Pinch Hitting: RHB Chang-geun Kim
|
0-0: Foul Ball, location: 2F 0-1: Swinging Strike 0-2: Ball 1-2: Strikes out looking
|
Top of the 9th over - 0 run(s), 1 hit(s), 0 error(s), 2 left on base; San Jose 1 - Texarkana 2 |
|